AoeStats
← 三岁时就很 酷

Arena

507730246Analyzed
4v4 RM · 11d ago on Sep 19, 2026· 47m 4s· 8 players
Game mode
Random Map
Map size
Large (8 player)
Population
200
Speed
Normal
Resources
Standard
Victory
Conquest
Starting age
Dark Age
Ending age
Imperial Age
RankedLock teamsTeams togetherTeam positionsShared explorationLock speedFull tech treeHidden civsTurbo modeCheats
Victory
Defeat
🇮🇩 Bulgarians · Indonesia
968
+15
🇭🇰 Huns · Hong Kong SAR China
933
+17
🇨🇳 Persians · China
933
+17
🇨🇳 Teutons · China
930
+17
🇵🇱 Vikings · Poland
962
-18
🇺🇿 Slavs · Uzbekistan
952
-46
🇺🇸 Berbers · United States
943
-16
🇺🇸 Teutons · United States
935
-16
Cinta Mama
6:28 Loom
10:51 Feudal Age
9:55 Loom
16:03 Castle Age
15:04 Wheelbarrow
14:51 Double-Bit Axe
15:31 Loom
16:48 Wheelbarrow
16:07 Gold Mining
16:00 Horse Collar
18:52 Loom
24:06 Heavy Plow
28:48 Hand Cart
29:22 Town Watch
32:12 Imperial Age
30:05 Squires
30:23 Forging
30:14 Scale Mail Armor
30:19 Scale Barding Armor
30:03 Gambesons
30:04 Arson
33:10 Iron Casting
32:50 Chain Mail Armor
32:55 Chain Barding Armor
34:52 Blast Furnace
34:22 Plate Mail Armor
33:57 Husbandry
34:08 Bloodlines
33:18 Cavalier
35:09 Chemistry
34:21 Siege Engineers
34:19 Stone Mining
34:43 Bow Saw
35:23 Gold Shaft Mining
35:45 Plate Barding Armor
36:07 Crop Rotation
36:17 Stone Shaft Mining
36:54 Conscription
42:56 Bagains
42:53 Stirrups
sainimu
0:27 Loom
11:19 Feudal Age
16:11 Castle Age
14:02 Horse Collar
14:09 Double-Bit Axe
16:38 Wheelbarrow
18:03 Bow Saw
18:22 Heavy Plow
22:36 Town Watch
22:55 Gold Mining
28:38 Hand Cart
32:30 Imperial Age
30:11 Fletching
31:15 Gold Shaft Mining
31:26 Padded Archer Armor
31:22 Bodkin Arrow
32:24 Ballistics
32:34 Leather Archer Armor
32:34 Forging
32:30 Scale Barding Armor
32:38 Bloodlines
32:29 Husbandry
32:39 Light Cavalry
33:47 Parthian Tactics
33:28 Thumb Ring
33:56 Masonry
33:49 Bracer
35:12 Atheism
34:24 Hussar
35:44 Iron Casting
35:51 Conscription
35:17 Heavy Cavalry Archer
38:04 Chain Barding Armor
39:43 Plate Barding Armor
40:09 Blast Furnace
39:15 Capped Ram
40:12 Marauders
39:34 Elite Tarkan
42:05 Blast Furnace
44:38 Caravan
000
12:13 Feudal Age
19:23 Castle Age
17:06 Horse Collar
18:32 Double-Bit Axe
22:39 Wheelbarrow
27:26 Hand Cart
28:01 Heavy Plow
28:14 Bow Saw
31:51 Scale Mail Armor
32:02 Forging
31:43 Fletching
31:53 Padded Archer Armor
32:11 Gold Mining
32:12 Stone Mining
32:24 Stone Mining
35:55 Imperial Age
33:16 Elite Skirmisher
37:05 Iron Casting
36:46 Chain Mail Armor
36:29 Bodkin Arrow
36:49 Leather Archer Armor
37:00 Elite Teutonic Knight
39:44 Blast Furnace
39:14 Plate Mail Armor
43:47 Ring Archer Armor
48:00 Ironclad
三岁时就很 酷
2:33 Loom
3:34 Loom
11:57 Feudal Age
15:36 Castle Age
13:28 Horse Collar
13:38 Double-Bit Axe
24:13 Wheelbarrow
25:56 Bow Saw
27:09 Hand Cart
30:52 Imperial Age
28:47 Heavy Plow
28:59 Gold Mining
29:02 Stone Mining
29:54 Scale Barding Armor
30:03 Bloodlines
29:58 Husbandry
30:36 Forging
30:54 Chain Barding Armor
31:38 Iron Casting
31:36 Conscription
32:15 Crop Rotation
33:22 Plate Barding Armor
33:47 Blast Furnace
34:13 Stone Shaft Mining
34:15 Gold Shaft Mining
33:44 Town Watch
34:22 Elite War Elephant
35:26 Town Patrol
35:46 Kamandaran
36:21 Padded Archer Armor
36:11 Fletching
37:23 Chemistry
36:47 Ballistics
37:01 Bodkin Arrow
37:23 Leather Archer Armor
38:34 Two-Man Saw
38:31 Coinage
38:02 Caravan
38:23 Caravan
38:37 Guilds
40:27 Ring Archer Armor
40:31 Crossbowman
41:26 Thumb Ring
43:46 Banking
PumaViolento
12:30 Feudal Age
10:46 Loom
20:35 Castle Age
19:26 Double-Bit Axe
20:29 Stone Mining
20:24 Horse Collar
22:00 Gold Mining
22:26 Heavy Plow
22:39 Bow Saw
33:22 Imperial Age
33:20 Forging
33:11 Scale Mail Armor
33:03 Fletching
32:48 Crossbowman
33:35 Arbalester
36:42 Chemistry
36:10 Bodkin Arrow
36:16 Padded Archer Armor
37:07 Ballistics
40:03 Two-Man Saw
39:42 Gold Shaft Mining
43:25 Bracer
43:41 Leather Archer Armor
Bovine
9:38 Feudal Age
15:45 Castle Age
13:40 Double-Bit Axe
25:12 Wheelbarrow
25:08 Horse Collar
25:42 Fletching
27:11 Hand Cart
28:36 Town Watch
32:05 Imperial Age
29:36 Town Patrol
30:08 Caravan
30:27 Loom
30:53 Thumb Ring
32:20 Ballistics
31:58 Bodkin Arrow
32:10 Scale Barding Armor
32:15 Forging
32:10 Husbandry
32:24 Bloodlines
32:18 Heavy Plow
32:59 Kasbah
33:23 Bracer
33:45 Chain Barding Armor
33:22 Gold Mining
33:51 Fortified Wall
34:22 Elite Camel Archer
35:38 Bow Saw
36:28 Iron Casting
37:15 Conscription
36:58 Maghrebi Camels
37:25 Murder Holes
37:41 Masonry
38:32 Hoardings
39:13 Blast Furnace
38:49 Plate Barding Armor
39:07 Heavy Camel Rider
40:57 Padded Archer Armor
42:11 Elite Genitour
xxyvonnederful
12:02 Feudal Age
13:52 Horse Collar
14:03 Double-Bit Axe
16:26 Castle Age
18:15 Wheelbarrow
18:08 Bow Saw
20:06 Heavy Plow
21:49 Hand Cart
23:12 Gold Mining
24:27 Scale Barding Armor
24:56 Forging
28:49 Imperial Age
26:07 Loom
26:11 Town Watch
27:02 Stone Mining
27:48 Bloodlines
28:35 Chain Barding Armor
28:51 Iron Casting
28:53 Cavalier
31:09 Stone Shaft Mining
31:26 Conscription
30:31 Paladin
33:02 Plate Barding Armor
33:28 Blast Furnace
32:19 Fletching
36:32 Hoardings
37:03 Chemistry
36:14 Fortified Wall
36:15 Masonry
36:11 Siege Engineers
37:20 Guard Tower
39:04 Coinage
38:38 Caravan
38:51 Guilds
42:27 Crenellations
akb
9:57 Loom
12:19 Feudal Age
15:19 Horse Collar
17:27 Gold Mining
17:25 Double-Bit Axe
20:46 Castle Age
19:51 Stone Mining
22:12 Wheelbarrow
22:56 Caravan
24:21 Heavy Plow
24:35 Bow Saw
25:16 Gold Shaft Mining
33:42 Imperial Age
31:42 Hand Cart
31:15 Town Watch
32:10 Coinage
31:57 Town Patrol
32:03 Town Patrol
33:27 Masonry
33:37 Ballistics
33:14 Murder Holes
33:30 Clinker Construction
33:31 Careening
33:32 Fortified Wall
33:25 Guard Tower
33:47 Scale Barding Armor
33:42 Scale Mail Armor
33:53 Forging
33:44 Padded Archer Armor
33:35 Fletching
35:50 Two-Man Saw
35:22 Crop Rotation
35:26 Banking
36:05 Chemistry
35:32 Chain Barding Armor
35:27 Chain Mail Armor
36:51 Iron Casting
35:50 Man-at-Arms
35:51 Pikeman
36:31 Squires
36:58 Conscription
37:14 Hoardings
36:10 Sappers
36:41 Detinets
39:05 Plate Barding Armor
38:45 Leather Archer Armor
38:25 Bodkin Arrow
38:56 Carvel Hull
38:56 Dry Dock
38:42 Siege Engineers
38:41 Devotion
39:06 Illumination
38:57 Block Printing
38:37 Herbal Medicine
39:18 Theocracy
38:43 Atonement
38:54 Redemption
39:05 Sanctity
Connection lost

Rejoining the realm…

Still unreachable

The connection could not be restored.

Session expired

The server has moved on; the page needs a fresh start.